 Dungeon Crawl Stone Soup version 0.26-a0-651-gb41185065b (webtiles) character file.

Game seed: 3595905140595188898

28 Azzok the Ruffian (level 3, 25/29 HPs)
             Began as a Demonspawn Fighter on Oct 10, 2020.
             Quit the game on level 1 of the Dungeon.
             The game lasted 00:01:08 (513 turns).

Azzok the Ruffian (Demonspawn Fighter)               Turns: 513, Time: 00:01:09

Health: 25/29      AC:  7    Str: 17    XL:     3   Next: 0%
Magic:  3/3        EV:  6    Int:  9    God:
Gold:   31         SH:  8    Dex: 12    Spells: 2/2 levels left

rFire    . . .     SeeInvis .     - Unarmed
rCold    + . .     Faith    .   b - +0 kite shield
rNeg     . . .     Spirit   .   a - +0 scale mail
rPois    .         Reflect  .   (helmet restricted)
rElec    .         Harm     .   i - +0 cloak
rCorr    .         Rampage  .   (no gloves)
MR       .....                  (no boots)
Stlth    ..........             (no amulet)
HPRegen  0.09/turn              (no ring)
MPRegen  0.08/turn              (no ring)

@: no status effects
A: antennae 1, cold resistance 1
a: no special abilities


You were on level 1 of the Dungeon.
You visited 1 branch of the dungeon, and saw 1 of its levels.

You collected 31 gold pieces.

Inventory:

Armour
 a - a +0 scale mail (worn)
 b - a +0 kite shield (worn)
 i - a +0 cloak (worn)
Scrolls
 d - a scroll of identify {unknown}
 f - a scroll of remove curse {unknown}
 g - a scroll of amnesia {unknown}
 h - a scroll of teleportation {unknown}
 k - a scroll of noise {unknown}
 l - a scroll of enchant armour {unknown}
Potions
 c - a potion of might
 e - a potion of haste {unknown}
 j - a potion of heal wounds {unknown}


   Skills:
 - Level 3.0 Fighting
 - Level 2.6 Armour
 - Level 2.6 Shields
 + Level 3.2 Unarmed Combat


You had 2 spell levels left.
You didn't know any spells.
Your spell library was empty.

Dungeon Overview and Level Annotations

Branches:
Dungeon (1/15)

Altars:


Innate Abilities, Weirdness & Mutations

You have a pair of small antennae on your head.
Your flesh is cold resistant. (rC+)


Message History

You block the bat's attack. The bat hits you.
You hit the bat.
You kill the bat!
You closely miss the kobold. The kobold hits you but does no damage.
You hit the kobold but do no damage. You hit the kobold.
The kobold is severely wounded.
The kobold hits you but does no damage.
You hit the kobold.
You kill the kobold!
You have reached level 3!
Your experience leads to an increase in your attributes!
Increase (S)trength, (I)ntelligence, or (D)exterity?
You feel stronger.
You feel monstrous as your demonic heritage exerts itself.
Your demonic ancestry asserts itself...
A pair of antennae grows on your head!
Quiver which item? (- for none, * to show all) (? for menu, Esc to quit)
Okay, then.
Are you sure you want to abandon this character and quit the game? (Confirm with "yes".)

▒▒▒ ▒▒ ▒··· ·▒▒▒
▒··$·▒▒▒···▒ ▒·
▒··r··▒·▒
··▒▒{▒@▒▒·▒▒
··▒▒▒····▒
▒▒(▒·▒▒··▒
▒·····▒··▒
▒····▒▒····▒ ▒·
▒·▒▒· ▒▒▒··▒▒▒▒
▒· ▒▒▒▒ ▒ ▒·
▒···†·)·▒ ▒·▒▒▒··
·····▒▒▒▒▒·▒
▒·····▒
▒·▒▒▒▒▒▒▒▒·▒▒▒▒▒▒


You could see a rat.

Vanquished Creatures
  2 dart slugs (D:1)
  A leopard gecko (D:1)
  5 bats (D:1)
  A giant cockroach (D:1)
  2 goblins (D:1)
  2 hobgoblins (D:1)
  4 kobolds (D:1)
  2 frilled lizards (D:1)
  3 rats (D:1)
22 creatures vanquished.

Notes
Turn   | Place    | Note
-------+----------+-------------------------------------------
     0 | D:1      | Azzok the Demonspawn Fighter began the quest for the Orb.
     0 | D:1      | Reached XP level 1. HP: 18/18 MP: 1/1
   144 | D:1      | Gained mutation: Your flesh is cold resistant. (rC+)
                  | [demonic ancestry]
   144 | D:1      | Reached XP level 2. HP: 22/24 MP: 2/2
   512 | D:1      | Gained mutation: You have a pair of small antennae on your
                  | head. [demonic ancestry]
   512 | D:1      | Reached XP level 3. HP: 25/29 MP: 3/3
   513 | D:1      | Quit the game

Illustrated notes

Levels and vault maps discovered:
D:1:      dpeg_arrival_three_bigger_balls, layout_loops_ring, minmay_tall_x

Skill      XL: |  1  2 |
---------------+-------+-----
Unarmed Combat | 2 3 |  3.2
Fighting       | |  3.0
Armour         | |  2.6
Shields        | |  2.6

Action                   || total
-------------------------++-------
Melee: Unarmed           ||    81
Armor: Scale mail        ||    37
Dodge: Dodged            ||    26
Block: Kite shield       ||    35

Table legend: (Time is in decaauts)
 A = Elapsed time spent in this place.
 B = Non-inter-level travel time spent in this place.
 C = Inter-level travel time spent in this place.
 D = Time resting spent in this place.
 E = Time spent auto-exploring this place.
 F = Levels seen in this place.
 G = Mean time per level.
                   A        B        C        D        E       F      G
               +--------+--------+--------+--------+--------+-----+--------+
         Total |    515 |    515 |      0 |      0 |    339 |   1 |  515.0 |
       Dungeon |    515 |    515 |      0 |      0 |    339 |   1 |  515.0 |
               +--------+--------+--------+--------+--------+-----+--------+

Top non-repeatable levels by time:
     D:1: 515 daAuts
